 Dungeon Crawl Stone Soup version 0.29-a0-878-g7b45a56547 (webtiles) character file.

Game seed: 10951132166252819719

4 Locuples the Stinger (level 1, 0/10 HPs)
             Began as a Deep Elf Venom Mage on July 20, 2022.
             Slain by a jackal (1 damage)
             ... on level 1 of the Dungeon.
             The game lasted 00:00:51 (25 turns).

Locuples the Stinger (Deep Elf Venom Mage)            Turns: 25, Time: 00:00:51

Health: 0/10       AC:  2    Str:  5    XL:     1   Next: 50%
Magic:  0/6        EV: 12    Int: 19    God:
Gold:   0          SH:  0    Dex: 15    Spells: 5/6 levels left

rFire   . . .      SeeInvis .   (no weapon)
rCold   . . .      Faith    .   (no shield)
rNeg    . . .      Spirit   .   a - +0 robe
rPois   .          Reflect  .   (no helmet)
rElec   .          Harm     .   (no cloak)
rCorr   .          Rampage  .   (no gloves)
Will    .....                   (no boots)
Stlth   ++........              (no amulet)
HPRegen 0.03/turn               (no ring)
MPRegen 0.10/turn               (no ring)

@: no status effects
A: no striking features
a: no special abilities


You were on level 1 of the Dungeon.
You visited 1 branch of the dungeon, and saw 1 of its levels.

Inventory:

Armour
 a - a +0 robe (worn)
Potions
 b - a potion of magic


   Skills:
 - Level 2.4 Dodging
 - Level 2.4 Stealth
 + Level 3.1 Spellcasting
 + Level 1.1 Transmutations
 + Level 3.5 Poison Magic


You had 5 spell levels left.
You knew the following spells:

 Your Spells              Type           Power      Damage    Failure   Level
a - Sting                 Tmut/Pois      44%        1d5       6%          1

Your spell library contained the following spells:

 Spells                   Type           Power      Damage    Failure   Level
 Poisonous Vapours        Pois/Air       18%        N/A       11%         2
 Mephitic Cloud           Conj/Pois/Air  7%         N/A       28%         3
 Olgreb's Toxic Radiance  Pois           16%        N/A       34%         4


Dungeon Overview and Level Annotations

Branches:
Dungeon (1/15)

Altars:


Message History

The bat attacks as you move away! The bat misses you.
The bat hits you but does no damage. The bat attacks as you move away!
The bat barely misses you. x2
Casting: Sting (safe; 6% risk of failure)
Confirm with . or Enter, or press ? or * to list all spells.
Aiming: Sting (safe; 6% risk of failure)
Press: ? - help, Shift-Dir - straight line, f - bat, p - jackal
Aim: a bat (57% to hit)
The sting misses the bat.
The bat completely misses you. The jackal bites you.
The bat closely misses you.
Casting: Sting (safe; 6% risk of failure)
Confirm with . or Enter, or press ? or * to list all spells.
Aiming: Sting (safe; 6% risk of failure)
Press: ? - help, Shift-Dir - straight line, f - frilled lizard, p - bat
Aim: a frilled lizard (53% to hit)
The sting misses the frilled lizard.
The bat closely misses you. The jackal bites you. The bat closely misses you.
The frilled lizard bites you but does no damage.
The jackal bites you.
* * * LOW HITPOINT WARNING * * *
The bat hits you.
* * * LOW HITPOINT WARNING * * *
The bat attacks as you move away! The bat hits you but does no damage.
The frilled lizard attacks as you move away!
The frilled lizard barely misses you. The bat barely misses you.
The bat attacks as you move away! The bat hits you.
* * * LOW HITPOINT WARNING * * *
You kill the jackal!
The bat closely misses you.
A ball python comes into view.
The jackal bites you but does no damage.
Casting: Sting (safe; 6% risk of failure)
Confirm with . or Enter, or press ? or * to list all spells.
You don't have enough magic to cast this spell.
Casting: Sting (safe; 6% risk of failure)
Confirm with . or Enter, or press ? or * to list all spells.
You don't know that spell.
Unknown command.
The jackal attacks as you move away! The jackal bites you.
You die...

#.....#
#.....#####
#.........##
..........
........#####
#....#.....#8#
#.b..#........
##.h..#........
#.@#.l<.###....
+...##...### #
#..###.....# #
#..
##....####.###
#..
#...#........
##.
##..#†...$...
#. #.S.........
## ##..........
#..........


You could see a jackal and a bat.

Vanquished Creatures
  3 jackals (D:1)
3 creatures vanquished.

Notes
Turn   | Place    | Note
-------+----------+-------------------------------------------
     0 | D:1      | Locuples the Deep Elf Venom Mage began the quest for the
                  | Orb.
     0 | D:1      | Reached XP level 1. HP: 10/10 MP: 6/6
    25 | D:1      | Slain by a jackal

Illustrated notes

Levels and vault maps discovered:
D:1:      dpeg_arrival_long_road, layout_basic, serial_corexii_hall,
          chequers_hall_statues_corner_a, chequers_hall_statues_y

Action                   || total
-------------------------++-------
 Cast: Sting             ||     7
Armor: Robe              ||     9
Dodge: Dodged            ||    18

Table legend: (Time is in decaauts)
 A = Elapsed time spent in this place.
 B = Non-inter-level travel time spent in this place.
 C = Inter-level travel time spent in this place.
 D = Time resting spent in this place.
 E = Time spent auto-exploring this place.
 F = Levels seen in this place.
 G = Mean time per level.
                   A        B        C        D        E       F      G
               +--------+--------+--------+--------+--------+-----+--------+
         Total |     25 |     25 |      0 |      0 |      6 |   1 |   25.0 |
       Dungeon |     25 |     25 |      0 |      0 |      6 |   1 |   25.0 |
               +--------+--------+--------+--------+--------+-----+--------+

Top non-repeatable levels by time:
     D:1: 25 daAuts
